Map: Proxima Station LE

Players

PlzDontHitMe - Winner!

  • Race: Protoss Protoss
  • League: Diamond
  • Spawn Location: 7:00

Piliskner

  • Race: Zerg Zerg
  • League: Diamond
  • Spawn Location: 1:00

VOD

Have the link to the VOD?

Description

Time

  • Played on: Feb. 11, 2017, 2:48 p.m.
  • Length: 12:11
Show
View Real Time Build Order
Export as new Build Order

PlzDontHitMe Protoss - Winner!

Build Orders:  

Get SALT Encoding   

  12  0:01  Probe (Chrono Boost)  
  13  0:11  Probe (Chrono Boost)  
  14  0:22  Pylon, Probe (Chrono Boost)  
  15  0:40  Probe (Chrono Boost)  
  16  0:44  Forge  
  16  0:51  Probe (Chrono Boost)  
  17  1:01  Probe (Chrono Boost)  
  18  1:12  Probe (Chrono Boost)  
  19  1:22  Probe (Chrono Boost)  
  20  1:28  Gateway, Assimilator, Photon Cannon  
  20  1:32  Assimilator  
  20  1:33  Probe (Chrono Boost)  
  21  1:43  Probe (Chrono Boost)  
  22  1:55  Probe (Chrono Boost)  
  23  2:11  Pylon  
  23  2:12  Probe (Chrono Boost)  
  23  2:24  Nexus  
  23  2:28  Pylon  
  24  2:35  Photon Cannon  
  23  2:52  Photon Cannon  
  23  3:06  Cybernetics Core  
  23  3:08  Probe (Chrono Boost)  
  24  3:14  Assimilator  
  24  3:18  Assimilator  
  24  3:23  Probe (Chrono Boost)  
  25  3:40  Probe (Chrono Boost)  
  26  3:49  Stalker  
  26  3:50  Probe (Chrono Boost)  
  26  3:53  Mothership Core (Chrono Boost)  
  31  4:04  Photon Cannon, Probe (Chrono Boost)  
  31  4:09  Pylon  
  32  4:17  Probe (Chrono Boost)  
  32  4:27  Probe (Chrono Boost)  
  32  4:29  Stargate  
  32  4:31  Stargate  
  33  4:32  Stargate  
  33  4:34  Pylon  
  33  4:40  Pylon  
  33  4:46  Probe (Chrono Boost)  
  34  4:56  Pylon  
  34  4:57  Probe (Chrono Boost)  
  34  4:59  Pylon  
  35  5:07  Probe (Chrono Boost)  
  35  5:08  Photon Cannon  
  36  5:16  Oracle  
  36  5:17  Oracle  
  42  5:25  Oracle  
  45  5:31  Probe (Chrono Boost)  
  46  5:41  Probe (Chrono Boost)  
  46  5:44  Photon Cannon  
  46  5:45  Pylon  
  46  5:52  Probe (Chrono Boost)  
  46  5:53  Oracle  
  50  5:59  Oracle  
  53  6:06  Oracle  
  53  6:10  Probe (Chrono Boost)  
  57  6:20  Probe (Chrono Boost)  
  58  6:31  Oracle  
  61  6:34  Oracle  
  63  6:41  Photon Cannon  
  66  7:01  Nexus  
  66  7:11  Phoenix  
  69  7:19  Probe (Chrono Boost)  
  70  7:29  Probe (Chrono Boost)  
  71  7:35  Oracle  
  71  7:39  Oracle x2  
  71  7:40  Probe (Chrono Boost)  
  77  7:50  Probe (Chrono Boost)  
  78  8:01  Probe (Chrono Boost)  
  79  8:06  Oracle  
  79  8:10  Pylon  
  79  8:11  Pylon, Probe (Chrono Boost)  
  83  8:15  Oracle x2  
  89  8:36  Photon Cannon  
  89  8:38  Photon Cannon  
  89  8:40  Assimilator, Probe (Chrono Boost)  
  90  8:42  Assimilator  
  90  8:50  Probe (Chrono Boost)  
  90  8:51  Void Ray  
  90  8:52  Void Ray  
  95  9:01  Probe (Chrono Boost)  
  100  9:11  Pylon  
  100  9:12  Probe (Chrono Boost)  
  100  9:13  Pylon  
  101  9:23  Probe (Chrono Boost)  
  101  9:24  Void Ray  
  100  9:33  Probe (Chrono Boost)  
  98  9:41  Oracle  
  98  9:44  Probe (Chrono Boost)  
  99  9:46  Oracle  
  105  9:54  Probe (Chrono Boost)  
  106  10:28  Pylon  
  106  10:29  Pylon  
  106  10:31  Pylon  
  106  10:32  Pylon  
  106  10:34  Pylon x2  
  106  10:35  Pylon  
  106  10:42  Oracle  
  106  10:46  Oracle x2  
  115  11:12  Void Ray  
  119  11:22  Void Ray x2  
Show
View Real Time Build Order
Export as new Build Order

Piliskner Zerg 

Build Orders: Pool First 

Get SALT Encoding   

  12  0:01  Drone  
  13  0:11  Drone  
  14  0:19  Overlord  
  14  0:39  Drone x2  
  14  0:40  Drone  
  17  0:52  Spawning Pool  
  16  1:13  Hatchery  
  16  1:15  Evolution Chamber  
  16  1:16  Drone x3  
  18  1:19  Extractor  
  17  1:39  Hatchery  
  16  1:41  Zergling x2  
  17  1:52  Drone x2  
  19  1:59  Queen  
  21  2:12  Overlord  
  21  2:13  Drone  
  22  2:23  Metabolic Boost  
  22  2:32  Drone x2  
  24  2:48  Roach Warren  
  24  2:49  Drone  
  23  3:05  Spore Crawler  
  23  3:07  Drone  
  23  3:08  Drone x4  
  27  3:23  Spine Crawler  
  26  3:42  Queen  
  26  3:43  Drone x2  
  26  3:44  Drone  
  26  3:46  Queen  
  26  3:47  Overlord  
  34  4:00  Hatchery  
  33  4:05  Zergling x8  
  33  4:06  Zergling x4  
  39  4:14  Drone  
  40  4:25  Zergling x6  
  43  4:32  Extractor  
  43  4:35  Overlord, Drone  
  43  4:38  Lair  
  43  4:46  Overlord x2  
  42  5:10  Drone  
  42  5:11  Drone x7  
  50  5:16  Queen, Baneling Nest  
  51  5:27  Drone x4  
  51  5:28  Drone x2  
  57  5:40  Drone  
  57  5:41  Drone x6  
  64  5:56  Overlord x2  
  64  5:57  Drone  
  64  5:58  Drone  
  64  6:03  Hydralisk Den  
  65  6:07  Baneling x4  
  65  6:08  Baneling x4  
  65  6:13  Drone  
  65  6:15  Extractor  
  65  6:16  Extractor  
  65  6:17  Drone  
  65  6:18  Extractor, Drone x7  
  68  6:19  Extractor, Drone x3  
  69  6:49  Overlord  
  69  6:50  Overlord  
  69  7:05  Lurker Den  
  69  7:07  Drone x4  
  73  7:09  Hydralisk  
  73  7:10  Hydralisk x10  
  73  7:14  Pneumatized Carapace  
  71  7:37  Hydralisk x2  
  71  7:38  Hydralisk x5  
  84  7:52  Spore Crawler  
  84  7:54  Spore Crawler x2  
  81  8:02  Spore Crawler  
  80  8:10  Spore Crawler  
  79  8:18  Spore Crawler x2  
  77  8:20  Hydralisk  
  77  8:21  Spore Crawler, Hydralisk x7  
  92  8:31  Overlord x2  
  92  9:03  Overlord x2  
  92  9:24  Hatchery  
  92  9:31  Spore Crawler, Hydralisk x4  
  84  9:32  Hydralisk x2  
  81  9:47  Hydralisk x3  
  79  10:27  Nydus Network  
  78  10:32  Queen  
  80  10:57  Baneling  
  80  10:58  Baneling x7  
  80  11:23  Nydus Canal  
Tags
 
Add a new tag
Caveats
  • Supply blocks, unpowered buildings, or Contaminate may cause inaccurate times.
  • Supply counts are checked every 10 seconds.